Map: Habitation Station LE (Void)

Players

APAPATOR - Winner!

  • Race: Terran Terran
  • League: Diamond
  • Spawn Location: 11:00

Gorod

  • Race: Zerg Zerg
  • League: Diamond
  • Spawn Location: 1:00

VOD

Have the link to the VOD?

Description

Time

  • Played on: Dec. 19, 2016, 7:24 a.m.
  • Length: 10:45
Show
View Real Time Build Order
Export as new Build Order

APAPATOR Terran - Winner!

Build Orders: Reaper Expand, MMM Bio 

Get SALT Encoding   

  12  0:01  SCV  
  13  0:13  SCV  
  14  0:18  Supply Depot  
  14  0:25  SCV  
  15  0:40  SCV  
  15  0:41  Barracks  
  16  0:45  Refinery  
  16  0:52  SCV  
  18  1:04  SCV  
  18  1:16  SCV  
  19  1:28  Reaper  
  19  1:29  Orbital Command  
  20  1:42  Command Center  
  20  1:56  SCV  
  20  1:59  Barracks  
  21  2:02  Refinery  
  21  2:04  Barracks Reactor  
  21  2:09  SCV  
  22  2:29  Supply Depot  
  22  2:32  Factory  
  22  2:40  Marine  
  23  2:50  Marine, Barracks Tech Lab  
  24  2:52  SCV  
  25  3:04  SCV  
  26  3:14  Marine x2  
  26  3:17  Stimpack  
  26  3:18  Orbital Command  
  26  3:19  SCV  
  28  3:22  Factory Reactor  
  28  3:28  Starport  
  28  3:29  Marine  
  28  3:31  SCV  
  28  3:32  Marine x2  
  32  3:44  SCV x2  
  34  3:49  Marine, Supply Depot  
  34  3:50  Marine  
  36  3:56  SCV x2  
  38  4:08  SCV x2  
  38  4:09  Marine x2  
  40  4:10  Marine  
  40  4:12  Medivac x2  
  40  4:13  Widow Mine  
  49  4:20  SCV, Supply Depot  
  49  4:22  SCV  
  51  4:28  Marine x3  
  54  4:36  Supply Depot  
  54  4:39  Bunker  
  54  4:42  SCV x2  
  56  4:46  Marine x2  
  58  4:54  SCV  
  58  4:55  Marine  
  58  4:58  SCV  
  61  5:04  Marine x2  
  61  5:06  SCV  
  64  5:10  SCV  
  64  5:12  Engineering Bay  
  65  5:16  Engineering Bay  
  65  5:26  Marine  
  65  5:27  Marine x2  
  64  5:43  Terran Infantry Armor Level 1, Terran Infantry Weapons Level 1  
  64  5:44  Marine x3  
  64  5:45  Command Center  
  67  5:51  SCV x2  
  67  5:54  Combat Shields  
  67  5:56  Barracks x2  
  69  5:58  Barracks  
  69  6:00  Refinery  
  69  6:01  Refinery  
  69  6:03  SCV  
  70  6:10  Marine  
  70  6:11  Marine  
  70  6:25  Factory Tech Lab  
  70  6:34  Supply Depot  
  70  6:35  Supply Depot  
  70  6:38  Armory  
  70  6:43  Marine  
  70  6:44  SCV  
  70  6:47  Barracks Reactor  
  70  6:48  Barracks Tech Lab  
  70  6:49  Barracks Tech Lab  
  70  6:55  SCV, Marine x2  
  70  6:56  SCV  
  70  7:01  Marine  
  75  7:06  Medivac x2  
  75  7:07  SCV  
  75  7:08  SCV  
  81  7:10  Supply Depot  
  81  7:13  Marine x2  
  83  7:16  Marauder x2  
  83  7:17  Concussive Shells  
  83  7:18  Marine, Supply Depot  
  83  7:19  SCV  
  83  7:20  SCV  
  90  7:28  Marine x2  
  92  7:31  Marine x2  
  92  7:32  SCV x2  
  92  7:36  Marine  
  97  7:37  Marine  
  97  7:38  Marauder  
  97  7:44  SCV x2  
  93  7:46  Marine x2  
  93  7:48  Marine  
  93  7:49  Marauder  
  93  7:54  Marine  
  93  7:56  Marauder, SCV x2  
  96  7:59  Marauder  
  96  8:04  Marine x2  
  99  8:06  Marine  
  99  8:07  Orbital Command  
  99  8:08  SCV x2  
  99  8:10  Marauder  
  99  8:12  Marine  
  102  8:13  Siege Tank  
  102  8:17  Marauder  
  105  8:20  Marauder, SCV x2  
  105  8:22  Marine x2  
  105  8:24  Marine  
  112  8:30  Marine  
  112  8:32  Marauder, SCV  
  112  8:33  SCV  
  117  8:47  Supply Depot  
  117  8:48  Supply Depot x2  
  117  8:55  SCV, Marine x2  
  117  8:56  Marine  
  117  8:57  SCV, Marine x4  
  117  9:02  Siege Tank  
  116  9:03  SCV  
  116  9:07  Supply Depot x2  
  116  9:08  Supply Depot  
  116  9:09  SCV  
  118  9:10  SCV  
  118  9:12  Marine x2  
  118  9:14  Marine x4  
  118  9:15  SCV, Marine  
  127  9:20  Medivac  
  127  9:21  SCV, Medivac  
  130  9:30  Marine x2  
  132  9:31  Marine  
  132  9:32  Marine x2  
  132  9:34  Marine x2, Siege Tank  
  140  9:40  Command Center  
  140  9:44  Barracks  
  140  9:45  Barracks  
  140  9:47  Barracks  
  140  9:48  Marine  
  140  9:51  Marine  
  140  9:52  Marine x5  
  147  9:56  Supply Depot  
  147  10:06  Marine  
  148  10:09  Marine x3  
  148  10:10  Marine x3  
  151  10:24  Marine  
  151  10:27  Marine x4  
Show
View Real Time Build Order
Export as new Build Order

Gorod Zerg 

Build Orders: Hatch First 

Get SALT Encoding   

  12  0:00  Drone  
  13  0:13  Drone  
  14  0:16  Drone, Extractor  
  15  0:41  Hatchery  
  14  0:50  Drone, Extractor  
  15  1:01  Spawning Pool  
  14  1:10  Extractor  
  13  1:11  Drone  
  13  1:14  Extractor  
  13  1:16  Drone  
  16  1:18  Overlord  
  16  1:37  Drone x2  
  18  1:44  Drone  
  19  1:48  Queen  
  19  1:52  Queen  
  23  1:56  Drone  
  23  1:59  Drone  
  25  2:04  Drone  
  25  2:08  Overlord  
  26  2:17  Drone x2  
  28  2:23  Extractor  
  28  2:37  Drone  
  28  2:39  Drone x3, Extractor  
  32  2:47  Drone  
  32  2:48  Queen  
  32  2:49  Queen  
  35  3:19  Drone, Extractor  
  36  3:20  Drone x2, Extractor  
  36  3:21  Overlord x2  
  36  3:34  Hatchery  
  35  3:46  Drone  
  35  3:47  Drone x5  
  41  3:54  Evolution Chamber  
  40  3:57  Drone  
  40  3:58  Drone x4  
  40  3:59  Drone x2  
  47  4:22  Evolution Chamber  
  47  4:23  Zerg Missile Weapons Level 1  
  46  4:29  Drone x3  
  46  4:30  Roach Warren  
  48  4:32  Overlord  
  48  4:33  Overlord x2  
  48  4:39  Extractor  
  47  5:10  Roach x8  
  61  5:25  Roach x9  
  61  5:27  Queen x3  
  66  5:36  Drone x5  
  61  5:54  Drone  
  61  5:55  Drone x4  
  66  6:17  Drone x6  
  70  6:18  Queen  
  72  6:41  Lair  
  73  7:01  Drone x8  
  73  7:02  Drone x2  
  82  7:10  Extractor, Overlord x4  
  82  7:12  Zerg Ground Armor Level 1  
  81  7:26  Extractor  
  81  7:27  Drone x2  
  81  7:28  Drone, Extractor  
  82  7:30  Drone  
  82  7:31  Drone x2  
  82  7:35  Roach x6  
  85  7:46  Roach  
  85  7:47  Roach x3  
  85  7:51  Roach x3  
  81  7:58  Roach x3  
  79  8:06  Roach x3  
  77  8:17  Roach x3  
  77  8:18  Roach  
  68  8:29  Roach  
  68  8:30  Roach x3  
  68  8:31  Ravager x2  
  68  8:32  Ravager  
  76  8:41  Ravager x2  
  78  8:48  Roach x3  
  75  9:07  Overseer  
  75  9:09  Hatchery  
  74  9:19  Roach  
  76  9:28  Roach x4  
  76  9:30  Extractor  
  83  9:41  Drone x7  
  90  9:46  Drone  
  90  9:47  Drone  
  90  9:48  Drone  
  93  9:57  Ravager  
  93  9:58  Ravager  
  95  10:09  Roach x2  
  95  10:10  Roach x2  
  93  10:17  Roach  
  90  10:26  Roach  
  90  10:27  Overlord x3  
Tags
 
Add a new tag
Caveats
  • Supply blocks, unpowered buildings, or Contaminate may cause inaccurate times.
  • Supply counts are checked every 10 seconds.